 Dungeon Crawl Stone Soup version 0.21.1-1-g345015fe64 (webtiles) character file.

444266 Rrauwl the Bringer of Light (level 24, -7/191 HPs)
             Began as a Gnoll Warper on Feb 28, 2018.
             Was the Champion of the Shining One.
             Killed from afar by a crystal guardian (36 damage)
             ... with a crystal bolt
             ... on level 4 of the Abyss on Mar 7, 2018.
             The game lasted 04:36:32 (58451 turns).

Rrauwl the Bringer of Light (Gnoll Warper)         Turns: 58451, Time: 04:36:32

Health: -7/191     AC: 46    Str: 24    XL:     24   Next: 17%
Magic:  0/34       EV: 14    Int: 17    God:    the Shining One [******]
Gold:   525        SH: 30    Dex: 18    Spells: 15/54 levels left

rFire    . . .     SeeInvis +   a - +9 trident of Kouhook {pierce, MR- Str+4 Stlth+}
rCold    . . .     Gourm    .   E - +0 large shield
rNeg     + + +     Faith    .   K - +8 orange crystal plate armour {Archmagi, Int+3 Clar}
rPois    +         Spirit   +   d - +2 hat {SInv}
rElec    +         Reflect  +   z - scarf {Spirit}
rCorr    .         Harm     .   t - +2 pair of gloves
MR       .....     Clarity  +   j - +2 pair of boots {Stlth+}
Stlth    ..........             T - +5 amulet of reflection
HPRegen  0.41/turn              B - ring "Qoudd" {rElec rPois Int-4 Stlth-}
MPRegen  0.24/turn              V - +5 ring of protection

@: glowing
A: distributed training, fangs 1, repulsion field 1, large bone plates 1, clever
1, [dopey 1], [low mp 2], no potion heal 1, strong nose
}: 2/15 runes: decaying, gossamer
a: Divine Shield, Cleansing Flame, Summon Divine Warrior, Brand Weapon With Holy
Wrath, Renounce Religion


You were on level 4 of the Abyss.
You worshipped the Shining One.
The Shining One was exalted by your worship.
You were very hungry.

You visited 8 branches of the dungeon, and saw 39 of its levels.
You visited the Abyss 3 times.
You visited 1 bazaar.
You also visited: Sewer and Ice Cave.

You collected 4632 gold pieces.
You spent 4107 gold pieces at shops.

Inventory:

Hand Weapons
 a - the +9 trident of Kouhook (weapon) {pierce, MR- Str+4 Stlth+}
   (You found it on level 6 of the Dungeon)

   It inflicts extra damage upon your enemies.
   It affects your strength (+4).
   It affects your resistance to hostile enchantments.
   It makes you more stealthy.
Missiles
 S - 5 tomahawks of dispersal (quivered)
Armour
 d - a +2 hat of see invisible (worn)
 j - a +2 pair of boots of stealth (worn)
 t - a +2 pair of gloves (worn)
 z - a scarf of spirit shield (worn)
 E - a +0 large shield (worn)
 K - the +8 orange crystal plate armour (worn) {Archmagi, Int+3 Clar}
   (You acquired it on level 1 of the Spider Nest)

   It affects your intelligence (+3).
   It protects you against confusion.
Jewellery
 g - the ring of Xaoclapi {rF+ Dex+7}
   (You found it on level 1 of the Depths)

   [ring of protection from fire]

   It affects your dexterity (+7).
   It protects you from fire.
 l - the ring "Queg" {+Fly rElec rC+ Str+3}
   (You bought it in a shop on level 3 of the Vaults)

   [ring of strength]

   It affects your strength (+3).
   It protects you from cold.
   It insulates you from electricity.
   It lets you fly.
 s - the ring "Motzop" {rC++ rN+}
   (You found it on level 1 of the Swamp)

   [ring of positive energy]

   It greatly protects you from cold.
   It protects you from negative energy.
 v - a +5 ring of evasion
 B - the ring "Qoudd" (left hand) {rElec rPois Int-4 Stlth-}
   (You found it on level 15 of the Dungeon)

   [ring of loudness]

   It affects your intelligence (-4).
   It insulates you from electricity.
   It protects you from poison.
   It makes you less stealthy.
 Q - the amulet of the Four Winds {rN+ MR+++ Clar}
   (You bought it in a shop in a bazaar)

   [amulet of nothing]

   It protects you from negative energy.
   It affects your resistance to hostile enchantments.
   It protects you against confusion.
 T - a +5 amulet of reflection (around neck)
 V - a +5 ring of protection (right hand)
Wands
 y - a wand of digging (29)
 D - a wand of disintegration (25)
 F - a wand of acid (25)
 G - a wand of scattershot (15)
 M - a wand of paralysis (28)
 O - a wand of flame (30)
Scrolls
 b - 8 scrolls of magic mapping
 c - a scroll of silence
 i - 12 scrolls of identify
 n - 5 scrolls of fog
 r - 6 scrolls of fear
 u - 15 scrolls of remove curse
 C - 6 scrolls of blinking
 I - 17 scrolls of teleportation
Potions
 h - 8 potions of ambrosia
 k - 6 potions of cancellation
 o - 2 potions of haste
 w - a potion of resistance
 A - 6 potions of curing
Books
 f - the Tome of Flight
   (You found it on level 2 of the Vaults)

   Spells                             Type                      Level
   a - Poisonous Vapours              Poison/Air                   2
   b - Mephitic Cloud                 Conjuration/Poison/Air       3
   c - Airstrike                      Air                          4
   d - Conjure Ball Lightning         Conjuration/Air              6
   e - Freezing Cloud                 Conjuration/Ice/Air          6
Miscellaneous
 L - a phantom mirror
 N - a lamp of fire
 P - a lightning rod (4/4)
 R - a sack of spiders
Comestibles
 e - 43 rations


   Skills:
 + Level 15.8 Fighting
 + Level 15.3 Short Blades
 + Level 15.3 Long Blades
 + Level 15.3 Axes
 + Level 15.3 Maces & Flails
 + Level 15.8 Polearms
 + Level 15.3 Staves
 + Level 15.3 Slings
 + Level 15.3 Bows
 + Level 15.3 Crossbows
 + Level 15.5 Throwing
 + Level 15.5 Armour
 + Level 15.8 Dodging
 + Level 15.3 Stealth
 + Level 15.3 Shields
 + Level 15.3 Unarmed Combat
 + Level 15.9 Spellcasting
 + Level 13.2 Conjurations
 + Level 13.2 Hexes
 + Level 13.2 Charms
 + Level 13.2 Summonings
 + Level 13.2 Necromancy
 + Level 14.1 Translocations
 + Level 13.2 Transmutations
 + Level 13.2 Fire Magic
 + Level 13.2 Ice Magic
 + Level 13.2 Air Magic
 + Level 13.2 Earth Magic
 + Level 13.2 Poison Magic
 + Level 16.5 Invocations
 + Level 15.3 Evocations


You had 15 spell levels left.
You knew the following spells:

 Your Spells              Type           Power        Failure   Level  Hunger
a - Blink                 Tloc           N/A          1%          2    None
b - Passage of Golubria   Tloc           N/A          13%         4    None
c - Summon Ice Beast      Ice/Summ       ######..     19%         4    None
d - Mephitic Cloud        Conj/Pois/Air  ######..     6%          3    None
e - Ice Form              Ice/Tmut       ######..     19%         4    None
f - Bolt of Magma         Conj/Fire/Erth ######....   47%         5    ####...
g - Fireball              Conj/Fire      ######....   47%         5    ####...
h - Silence               Hex/Air        ######....   47%         5    ####...
i - Summon Butterflies    Summ           ######..     1%          1    None
j - Recall                Summ/Tloc      N/A          4%          3    None
k - Inner Flame           Hex/Fire       ######..     6%          3    None


Dungeon Overview and Level Annotations

Branches:
Dungeon (15/15)            Temple (1/1) D:7            Lair (6/6) D:8
  Swamp (4/4) Lair:3       Spider (4/4) Lair:4        Slime (0/5) Lair:6
    Orc (2/2) D:11            Elf (0/3) Orc:2        Vaults (5/5) D:14
  Crypt (0/3) Vaults:3     Depths (2/5) D:15

Altars:
Ashenzari
Cheibriados
Dithmenos
Elyvilon
Fedhas
Gozag
Hepliaklqana
Kikubaaqudgha
Makhleb
Nemelex Xobeh
Okawaru
Qazlal
Ru
Sif Muna
Trog
Uskayaw
Vehumet
Wu Jian
Xom
Yredelemnul
Zin
The Shining One
Beogh

Shops:
D:11 !   D:15 *%}   Orc:2 }!:?!   Vaults:2 }   Vaults:3 [=*=   Vaults:4 :(
Depths:2 (*?}=

Portals:
Hell: Depths:1 Depths:2


Innate Abilities, Weirdness & Mutations

Your experience applies equally to all skills.
You have very sharp teeth.
Your uncanny sense of smell can sniff out nearby items.
You are surrounded by a mild repulsion field. (EV +2)
You are partially covered in large bone plates. (SH +4)
Your mind is acute. (Int +2)
Potions are less effective at restoring your health.
[You are dopey. (Int -2)]
[Your magical capacity is very low. (-20% MP)]


Message History

You hit the crystal guardian but do no damage.
The crystal guardian is lightly damaged.
You block the crystal guardian's attack.
A starcursed mass splits.
A chorus of shrieks assaults your mind.
* * * LOW HITPOINT WARNING * * *
A starcursed mass splits.
Unknown command.
Unknown command.
Things that are here:
a guardian serpent corpse; a raiju corpse Your angel gestures.
Your angel is healed somewhat.
There is a gateway leading deeper into the Abyss here.
You hit the crystal guardian but do no damage.
The crystal guardian is lightly damaged.
Your angel hits the crystal guardian but does no damage. x2
The crystal guardian fires a crystalline bolt at you.
The crystal bolt burns you!
You die... ∆ '∆?∆∆($ ∆/$∆$φ( . ([X/(

)$?# #X####
###X.......
##h†#X....#
#8#§.†##.#
#@A##..#.
.#
#†.###..##
## #.. ..#
.###. ## ∆
... #§ . ∆
#


You could see a starcursed mass, a crystal guardian, a raiju and a friendly
angel.

Vanquished Creatures
  Saint Roka (Depths:2)
  Margery (Vaults:1)
  Xtahua (Vaults:2)
  Nikola (Swamp:3)
  the Enchantress (D:15)
  Arachne (Spider:2)
  A bone dragon (Abyss:2)
  Rupert (Lair:3)
  5 liches
  An acid blob (Depths:2)
  5 tentacled starspawn
  4 sphinxes
  An ancient champion (Vaults:3)
  Kirke (D:15)
  3 thorn hunters
  A storm dragon (Vaults:5)
  A tengu reaver (Depths:1)
  Donald (Swamp:4)
  2 azure jellies (Vaults:2)
  Roxanne (Spider:2)
  The ghost of BrokenGlass the Earth Mage, an adept OpEE (Orc:1)
  8 vault wardens
  2 fire giants
  A deep elf sorcerer (Vaults:1)
  A cacodemon (Abyss:3)
  3 frost giants
  An angel (Abyss:4)
  5 emperor scorpions
  Louise (Swamp:1)
  Aizul (Swamp:2)
  4 ghost moths
  A deep elf elementalist (Vaults:5)
  3 spriggan defenders (D:15)
  12 stone giants
  12 ironheart preservers
  A ghoul (Abyss:3)
  An entropy weaver (shapeshifter) (Vaults:2)
  An entropy weaver (Vaults:3)
  6 very ugly things
  2 vampire knights (Vaults:3)
  The ghost of Gargoyl the Cleaver, a journeyman CeAK of Lugonu (Lair:6)
  Azrael (D:15)
  A red draconian (Depths:2)
  A spark wasp (Spider:4)
  A blizzard demon (Depths:2)
  9 ettins
  A deep elf death mage (Vaults:4)
  A mummy priest (Depths:2)
  Josephine (Orc:2)
  4 jiangshi
  A merfolk impaler (Depths:2)
  4 fire dragons
  9 great orbs of eyes
  A deep elf high priest (Vaults:1)
  4 yaktaur captains
  11 vault guards
  7 rakshasas
  6 ice dragons
  20 hydras
  A spriggan air mage (Depths:1)
  A ghost crab (Swamp:1)
  15 centaur warriors
  A merfolk avatar (Depths:2)
  2 deep troll shamans
  11 alligators
  A merfolk aquamancer (Depths:2)
  2 death knights
  6 tengu warriors
  An alligator (shapeshifter) (Depths:1)
  12 ogre magi
  40 two-headed ogres
  5 vampire magi
  6 deep troll earth magi
  2 spriggan berserkers
  3 orc high priests (Orc:2)
  4 hell knights
  A soul eater (Depths:2)
  12 thrashing horrors
  3 deep elf knights
  2 shock serpents (Vaults:2)
  3 sixfirhies
  Nergalle (D:10)
  2 fire crabs (shapeshifter)
  6 shadow wraiths
  5 wretched stars
  2 spatial maelstroms (Abyss:3)
  6 skeletal warriors
  19 large abominations
  3 unseen horrors (shapeshifter)
  7 unseen horrors
  10 deep trolls
  3 glowing orange brains
  8 swamp dragons
  2 deep elf archers
  A shadow demon (Abyss:3)
  3 shambling mangroves
  A flayed ghost (Vaults:3)
  An obsidian statue (D:9)
  4 spriggan druids
  5 wizards
  3 necromancers
  17 orb spiders
  45 ugly things
  18 deep elf magi
  Pikel (D:4)
  12 orc knights
  3 cyclopes
  A wolf spider (shapeshifter) (Abyss:4)
  7 harpies
  A shining eye (Abyss:4)
  8 ironbrand convokers
  43 wolf spiders
  7 orc sorcerers
  A manticore (D:11)
  4 worldbinders
  2 salamanders (Depths:2)
  A shining eye (shapeshifter) (Abyss:4)
  A guardian serpent (Abyss:4)
  A toenail golem (Abyss:3)
  5 elephants (Lair:6)
  5 ice statues
  11 vault sentinels
  2 black mambas
  4 naga magi
  A gargoyle (D:15)
  A guardian serpent (shapeshifter) (Vaults:3)
  8 centaur zombies
  A molten gargoyle (D:14)
  An orange demon (Abyss:4)
  5 smoke demons
  29 spiny frogs
  3 kobold demonologists (D:15)
  6 freezing wraiths
  2 rime drakes
  An efreet (Abyss:3)
  2 hellions
  44 yaktaurs
  8 demonic crawlers
  7 komodo dragons
  5 ice devils (IceCv)
  A tormentor (Abyss:4)
  A komodo dragon (shapeshifter) (Vaults:5)
  2 hellwings
  10 ancient zymes
  A harpy zombie (D:15)
  A guardian mummy (Depths:2)
  A troll (shapeshifter) (Depths:2)
  A red devil (Depths:2)
  A meliai (D:15)
  A meliai (shapeshifter) (Vaults:1)
  35 jumping spiders
  2 trolls
  13 tyrant leeches
  A polar bear (Lair:6)
  Grinder (D:5)
  13 bog bodies
  16 raiju
  36 slime creatures
  20 hornets
  41 blink frogs
  A blink frog (shapeshifter) (Vaults:3)
  2 stone giant simulacra
  A hippogriff (shapeshifter) (Vaults:2)
  A meliai zombie (D:13)
  6 hippogriffs
  7 dream sheep (Lair:4)
  A slime creature (shapeshifter) (Abyss:4)
  A human simulacrum (Vaults:3)
  4 shadows
  2 wyverns
  87 redbacks
  2 ynoxinuls
  6 wraiths
  A spriggan (shapeshifter) (Depths:1)
  7 spriggans
  2 tarantellas (shapeshifter)
  3 water elementals
  52 yaks
  3 vampires
  30 tarantellas
  2 air elementals (Vaults:2)
  5 hogs
  5 basilisks
  4 chaos spawn
  A basilisk (shapeshifter) (Vaults:2)
  7 neqoxecs
  3 golden eyes (Abyss:3)
  6 fire elementals
  A hungry ghost (D:11)
  Grum (Lair:1)
  A fire bat (shapeshifter) (D:15)
  A hog (shapeshifter) (Vaults:4)
  3 spatial vortices (Abyss:3)
  2 wargs (Orc:2)
  10 vampire mosquitoes
  A harpy simulacrum (Vaults:2)
  2 hydra simulacra (Vaults:2)
  6 insubstantial wisps
  A soldier ant (D:12)
  24 swamp worms
  5 acid dragons
  7 water moccasins
  4 hell hounds (D:15)
  2 floating eyes (D:15)
  10 porcupines
  16 swamp drakes
  Purgy (Sewer)
  23 orc warriors
  An ettin simulacrum (Vaults:2)
  9 ice beasts
  4 slaves
  2 necrophages
  A black mamba simulacrum (Vaults:2)
  6 sky beasts
  20 boggarts
  22 centaurs
  3 eyes of draining
  7 wolves
  34 ogres
  A boggart (shapeshifter) (Vaults:2)
  15 crocodiles
  22 bullfrogs
  10 big kobolds
  A gnoll sergeant (D:9)
  A wyvern zombie (D:9)
  7 scorpions
  A wyvern skeleton (D:14)
  9 small abominations
  9 killer bees
  3 elephant simulacra (Vaults:2)
  8 wights
  A vampire bat (Vaults:2)
  11 jellies
  7 electric eels
  3 howler monkeys
  5 crimson imps
  A bullfrog zombie (D:5)
  A lava snake (D:14)
  28 starcursed masses
  4 quasits
  A draconian simulacrum (IceCv)
  8 hounds
  2 iron imps (Abyss:4)
  19 orc priests
  2 bullfrog skeletons
  27 orc wizards
  8 centaur skeletons
  2 iguanas
  4 lightning spires (Vaults:2)
  4 troll simulacra
  14 worker ants
  A centaur simulacrum (IceCv)
  A hound skeleton (D:8)
  2 worker ant zombies (D:5)
  11 adders
  13 gnolls
  3 naga simulacra (IceCv)
  2 ogre simulacra (IceCv)
  5 shadow imps
  12 white imps
  An ooze (D:1)
  An adder skeleton (D:6)
  3 worms
  2 dart slugs
  3 leopard geckos
  68 orcs
  2 ball pythons
  10 bats
  7 giant cockroaches
  37 goblins
  37 hobgoblins
  15 jackals
  33 kobolds
  2 quokkas
  4 frilled lizards
  A leopard gecko skeleton (D:6)
  A quokka zombie (D:6)
  7 rats
  A briar patch (Swamp:3)
  A fungus (Lair:6)
  A plant (Lair:4)
  4 starspawn tentacles
1945 creatures vanquished.

Vanquished Creatures (collateral kills)
  Boris (Vaults:4)
  3 bone dragons
  A lich (Abyss:4)
  2 Executioners
  2 tentacled starspawn (Abyss:3)
  An azure jelly (Depths:2)
  A daeva (Abyss:4)
  A fire giant (Depths:1)
  A vault warden (Vaults:4)
  A ghoul (Abyss:3)
  A deep elf annihilator (Vaults:4)
  3 lorocyprocas (Abyss:3)
  A red draconian (Depths:2)
  A fire dragon (Depths:1)
  2 blizzard demons (Depths:2)
  3 jiangshi (Abyss:4)
  5 vault guards (Vaults:4)
  A catoblepas (shapeshifter) (Abyss:4)
  A merfolk avatar (Depths:2)
  3 two-headed ogres (Vaults:4)
  A deep troll earth mage (Depths:1)
  9 thrashing horrors
  4 ogre magi
  2 sun demons
  2 sixfirhies
  A flayed ghost (Vaults:4)
  A storm dragon skeleton (Abyss:4)
  A wretched star (Abyss:3)
  A shadow demon (Abyss:3)
  5 unseen horrors
  3 ironbrand convokers (Vaults:4)
  A harpy (shapeshifter) (Abyss:3)
  A phantasmal warrior (Abyss:4)
  A harpy (Depths:2)
  11 starcursed masses
  3 ugly things (Vaults:4)
  A deep elf mage (Vaults:4)
  An orc knight (Vaults:4)
  A wolf spider (Spider:1)
  A worldbinder (Abyss:3)
  2 vault sentinels (Vaults:4)
  2 rust devils
  3 apocalypse crabs
  2 smoke demons (Abyss:4)
  An efreet (Abyss:3)
  A freezing wraith (Abyss:4)
  4 yaktaurs (Vaults:4)
  2 ancient zymes
  2 guardian mummies (Depths:2)
  A tormentor (Abyss:3)
  4 hornets (Spider:1)
  A blink frog (shapeshifter) (Abyss:3)
  11 raiju
  A stone giant simulacrum (Abyss:4)
  2 redbacks (Spider:1)
  A vampire (Depths:2)
  2 ynoxinuls
  A wraith (Abyss:3)
  2 tarantellas (Spider:1)
  A small abomination (Abyss:3)
  2 chaos spawn
  4 neqoxecs
  3 golden eyes (Abyss:3)
  12 large abominations
  2 orc warriors (Depths:2)
  2 ogres (Vaults:4)
  3 scorpions (Spider:1)
  2 snapping turtle simulacra (Abyss:2)
  A jelly (Abyss:4)
  A kobold (Depths:2)
  A lurking horror (Abyss:4)
  4 starspawn tentacles
169 creatures vanquished.

Vanquished Creatures (others)
  An azure jelly (Depths:2)
  A vault warden (Vaults:4)
  An ironheart preserver (Vaults:5)
  A stone giant (Vaults:2)
  3 yaktaur captains
  A rakshasa (Vaults:3)
  A centaur warrior (Vaults:1)
  A thrashing horror (Abyss:4)
  2 deep elf archers (Vaults:4)
  A wizard (Vaults:1)
  A deep elf mage (Vaults:4)
  2 cyclopes (Vaults:2)
  A worldbinder (Vaults:2)
  14 yaktaurs
  A freezing wraith (Abyss:4)
  A centaur simulacrum (D:15)
  A large abomination (Abyss:3)
  A human (D:15)
  4 spatial vortices (Abyss:3)
  A warg (Vaults:1)
  An orc warrior (Depths:2)
  11 centaurs
  An ogre (Vaults:1)
  2 small abominations
  2 starcursed masses
  A mummy (Depths:2)
  An adder (Depths:2)
  2 ball lightnings (Vaults:2)
  3 orcs (Depths:2)
  A frilled lizard (Depths:2)
  4 fungi
  A lurking horror (Abyss:4)
  70 plants
  19 starspawn tentacles
159 creatures vanquished.

Grand Total: 2273 creatures vanquished

Notes
Turn   | Place    | Note
-------+----------+-------------------------------------------
     0 | D:1      | Rrauwl the Gnoll Warper began the quest for the Orb.
     0 | D:1      | Reached XP level 1. HP: 20/20 MP: 6/6
    89 | D:1      | Reached XP level 2. HP: 22/26 MP: 7/7
   507 | D:1      | Reached XP level 3. HP: 22/31 MP: 9/9
   512 | D:1      | Reached skill level 5 in Spellcasting
   523 | D:1      | Learned a level 2 spell: Blink
   898 | D:1      | Reached skill level 1 in Invocations
  1320 | D:1      | Reached skill level 1 in Short Blades
  1320 | D:1      | Reached skill level 1 in Long Blades
  1320 | D:1      | Reached skill level 1 in Axes
  1320 | D:1      | Reached skill level 1 in Maces & Flails
  1320 | D:1      | Reached skill level 1 in Staves
  1320 | D:1      | Reached skill level 1 in Slings
  1320 | D:1      | Reached skill level 1 in Bows
  1320 | D:1      | Reached skill level 1 in Crossbows
  1320 | D:1      | Reached skill level 1 in Stealth
  1320 | D:1      | Reached skill level 1 in Shields
  1320 | D:1      | Reached skill level 1 in Unarmed Combat
  1320 | D:1      | Reached skill level 1 in Evocations
  1463 | D:2      | Reached XP level 4. HP: 38/38 MP: 11/11
  1586 | D:2      | You fall through a shaft!
  1742 | D:3      | Reached skill level 1 in Conjurations
  1742 | D:3      | Reached skill level 1 in Hexes
  1742 | D:3      | Reached skill level 1 in Charms
  1742 | D:3      | Reached skill level 1 in Summonings
  1742 | D:3      | Reached skill level 1 in Necromancy
  1742 | D:3      | Reached skill level 1 in Transmutations
  1742 | D:3      | Reached skill level 1 in Fire Magic
  1742 | D:3      | Reached skill level 1 in Ice Magic
  1742 | D:3      | Reached skill level 1 in Air Magic
  1742 | D:3      | Reached skill level 1 in Earth Magic
  1742 | D:3      | Reached skill level 1 in Poison Magic
  1767 | D:3      | Found a sacrificial altar of Ru.
  1801 | D:3      | Found a glowing drain.
  1898 | Sewer    | Entered a sewer
  1930 | Sewer    | Noticed Purgy
  1966 | Sewer    | Killed Purgy
  1966 | Sewer    | Reached XP level 5. HP: 9/43 MP: 12/12
  2717 | D:3      | Noticed a big kobold
  2717 | D:3      | Noticed a big kobold
  2727 | D:3      | Noticed a big kobold
  2800 | D:2      | Killed a big kobold
  2800 | D:2      | Reached skill level 2 in Invocations
  2800 | D:2      | Reached XP level 6. HP: 44/50 MP: 14/14
  2809 | D:2      | Gained mutation: You are occasionally teleported next to monsters. [potion of mutation]
  2809 | D:2      | Gained mutation: You are partially covered in icy blue scales. (AC +2) [potion of mutation]
  2809 | D:2      | Gained mutation: Your spells are a little harder to cast, but a little more powerful. [potion of mutation]
  3522 | D:3      | Reached skill level 5 in Fighting
  3522 | D:3      | Reached skill level 5 in Polearms
  3522 | D:3      | Reached skill level 5 in Dodging
  3618 | D:3      | Reached XP level 7. HP: 41/56 MP: 15/15
  4836 | D:4      | Reached skill level 3 in Invocations
  4891 | D:4      | Reached XP level 8. HP: 17/63 MP: 16/16
  5217 | D:3      | Learned a level 4 spell: Passage of Golubria
  5269 | D:4      | Noticed Pikel
  6524 | D:5      | Entered Level 5 of the Dungeon
  6591 | D:5      | Noticed Grinder
  6626 | D:5      | Paralysed by Grinder for 6 turns
  6639 | D:5      | Paralysed by Grinder for 3 turns
  7581 | D:5      | Killed Grinder
  7581 | D:5      | Reached skill level 4 in Invocations
  7628 | D:5      | Reached XP level 9. HP: 62/69 MP: 18/18
  7855 | D:4      | Killed Pikel
  8311 | D:6      | Reached skill level 5 in Throwing
  8311 | D:6      | Reached skill level 5 in Armour
  8599 | D:6      | Got an iridescent trident
  8600 | D:6      | Identified the +9 trident of Kouhook {pierce, MR- Str+4 Stlth+} (You found it on level 6 of the Dungeon)
  9002 | D:7      | You fall through a shaft for 2 floors!
  9003 | D:9      | Noticed a two-headed ogre
  9134 | D:7      | Reached skill level 5 in Invocations
  9204 | D:7      | Found a staircase to the Ecumenical Temple.
  9224 | Temple   | Entered the Ecumenical Temple
  9333 | Temple   | Became a worshipper of the Shining One
  9649 | D:7      | Found a glowing silver altar of Zin.
  9658 | D:7      | Reached XP level 10. HP: 77/77 MP: 20/20
  9735 | D:7      | Found a hide-covered altar of Uskayaw.
  9737 | D:7      | Found a deep blue altar of Sif Muna.
  9738 | D:7      | Found an ornate altar of the Wu Jian Council.
  9739 | D:7      | Found an opulent altar of Gozag.
  9739 | D:7      | Found an ancient bone altar of Kikubaaqudgha.
  9739 | D:7      | Found an iron altar of Okawaru.
  9739 | D:7      | Found a white marble altar of Elyvilon.
  9739 | D:7      | Found a shimmering altar of Xom.
  9740 | D:7      | Found a sparkling altar of Nemelex Xobeh.
  9741 | D:7      | Found a stormy altar of Qazlal.
  9743 | D:7      | Found a sacrificial altar of Ru.
  9744 | D:7      | Found a shadowy altar of Dithmenos.
  9955 | D:8      | Found a staircase to the Lair.
  9987 | D:8      | Reached skill level 5 in Short Blades
  9987 | D:8      | Reached skill level 5 in Long Blades
  9987 | D:8      | Reached skill level 5 in Axes
  9987 | D:8      | Reached skill level 5 in Maces & Flails
  9987 | D:8      | Reached skill level 5 in Staves
  9987 | D:8      | Reached skill level 5 in Slings
  9987 | D:8      | Reached skill level 5 in Bows
  9987 | D:8      | Reached skill level 5 in Crossbows
  9987 | D:8      | Reached skill level 5 in Stealth
  9987 | D:8      | Reached skill level 5 in Shields
  9987 | D:8      | Reached skill level 5 in Unarmed Combat
  9987 | D:8      | Reached skill level 5 in Evocations
 10011 | D:8      | Found a basalt altar of Yredelemnul.
 10276 | D:9      | Found a stormy altar of Qazlal.
 10566 | D:9      | Noticed a two-headed ogre
 10573 | D:9      | Killed a two-headed ogre
 10585 | D:9      | Reached skill level 6 in Invocations
 10627 | D:9      | Killed a two-headed ogre
 10856 | D:9      | Noticed an obsidian statue
 10858 | D:9      | Noticed an orange demon
 10859 | D:9      | Noticed an orange demon
 10861 | D:9      | Noticed a soul eater
 10872 | D:9      | Killed an obsidian statue
 10872 | D:9      | Reached XP level 11. HP: 25/84 MP: 22/22
 11378 | D:10     | Entered Level 10 of the Dungeon
 11596 | D:10     | Noticed an unseen horror
 11600 | D:10     | Killed an unseen horror
 11619 | D:10     | Learned a level 4 spell: Summon Ice Beast
 11623 | D:10     | Reached * piety under the Shining One
 11639 | D:10     | Reached skill level 5 in Conjurations
 11639 | D:10     | Reached skill level 5 in Hexes
 11639 | D:10     | Reached skill level 5 in Charms
 11639 | D:10     | Reached skill level 5 in Summonings
 11639 | D:10     | Reached skill level 5 in Necromancy
 11639 | D:10     | Reached skill level 5 in Transmutations
 11639 | D:10     | Reached skill level 5 in Fire Magic
 11639 | D:10     | Reached skill level 5 in Ice Magic
 11639 | D:10     | Reached skill level 5 in Air Magic
 11639 | D:10     | Reached skill level 5 in Earth Magic
 11639 | D:10     | Reached skill level 5 in Poison Magic
 11673 | D:10     | Noticed Nergalle
 11683 | D:10     | Killed Nergalle
 11862 | D:10     | Learned a level 3 spell: Mephitic Cloud
 12140 | Lair:1   | Entered Level 1 of the Lair of Beasts
 12272 | Lair:1   | Reached skill level 7 in Invocations
 12544 | Lair:1   | Noticed Grum
 12550 | Lair:1   | Killed Grum
 13636 | Lair:3   | Noticed a five-headed hydra
 13653 | Lair:3   | Killed a five-headed hydra
 13659 | Lair:3   | Reached XP level 12. HP: 40/93 MP: 24/24
 13714 | Lair:3   | Reached ** piety under the Shining One
 14151 | Lair:3   | Found a staircase to the Swamp.
 14660 | Lair:3   | Noticed Rupert
 14673 | Lair:3   | Killed Rupert
 14673 | Lair:3   | Reached skill level 8 in Invocations
 15484 | Lair:4   | Noticed a seven-headed hydra
 15489 | Lair:4   | Killed a seven-headed hydra
 15603 | Lair:4   | Reached XP level 13. HP: 91/101 MP: 26/26
 15943 | Lair:4   | Found a hole to the Spider Nest.
 17608 | Lair:6   | Entered Level 6 of the Lair of Beasts
 17615 | Lair:6   | Noticed Gargoyl's ghost (journeyman CeAK)
 17637 | Lair:6   | Found a frozen archway.
 17637 | Lair:6   | Reached *** piety under the Shining One
 17666 | Lair:5   | Reached skill level 9 in Invocations
 18217 | IceCv    | Entered an ice cave
 18245 | IceCv    | Reached **** piety under the Shining One
 19225 | Lair:6   | Reached ***** piety under the Shining One
 19248 | Lair:5   | Reached skill level 10 in Spellcasting
 19379 | Lair:6   | Reached XP level 14. HP: 103/109 MP: 26/28
 19439 | Lair:6   | Killed Gargoyl's ghost
 19587 | Lair:6   | Reached skill level 10 in Fighting
 19587 | Lair:6   | Reached skill level 10 in Polearms
 19587 | Lair:6   | Reached skill level 10 in Dodging
 20120 | Lair:6   | Found a staircase to the Slime Pits.
 20305 | Lair:6   | Reached skill level 10 in Invocations
 20792 | Lair:6   | Learned a level 4 spell: Ice Form
 20798 | Lair:6   | Learned a level 5 spell: Bolt of Magma
 20804 | Lair:6   | Learned a level 5 spell: Summon Mana Viper
 21158 | D:11     | Found Hoono's Distillery.
 21249 | D:11     | Bought 2 potions of haste for 260 gold pieces
 21249 | D:11     | Bought a potion of agility for 52 gold pieces
 21249 | D:11     | Bought a potion of might for 52 gold pieces
 21455 | D:11     | Found a staircase to the Orcish Mines.
 21483 | D:11     | Found a roughly hewn altar of Beogh.
 21615 | D:11     | Reached ****** piety under the Shining One
 21908 | D:12     | Learned a level 5 spell: Silence
 22672 | D:14     | Reached XP level 15. HP: 107/117 MP: 27/29
 22774 | D:14     | Found a gate to the Vaults.
 22827 | D:14     | Reached skill level 10 in Throwing
 22827 | D:14     | Reached skill level 10 in Armour
 22889 | D:14     | Learned a level 5 spell: Fireball
 24133 | D:14     | Lost mutation: You are occasionally teleported next to monsters. [potion of mutation]
 24133 | D:14     | Lost mutation: Your spells are a little harder to cast, but a little more powerful. [potion of mutation]
 24133 | D:14     | Lost mutation: You are partially covered in icy blue scales. (AC +2) [potion of mutation]
 24133 | D:14     | Gained mutation: You are surrounded by a mild repulsion field. (EV +2) [potion of mutation]
 24133 | D:14     | Gained mutation: You possess an exceptional clarity of mind. [potion of mutation]
 24543 | D:15     | Entered Level 15 of the Dungeon
 24617 | D:15     | Reached skill level 10 in Translocations
 24635 | D:15     | Got a sparkling platinum ring
 24636 | D:15     | Identified the ring "Daczov" {rC+ Str+6} (You found it on level 15 of the Dungeon)
 24648 | D:15     | Found a staircase to the Depths.
 24675 | D:15     | Paralysed by a great orb of eyes for 7 turns
 24838 | D:15     | Reached skill level 10 in Short Blades
 24838 | D:15     | Reached skill level 10 in Long Blades
 24838 | D:15     | Reached skill level 10 in Axes
 24838 | D:15     | Reached skill level 10 in Maces & Flails
 24838 | D:15     | Reached skill level 10 in Staves
 24838 | D:15     | Reached skill level 10 in Slings
 24838 | D:15     | Reached skill level 10 in Bows
 24838 | D:15     | Reached skill level 10 in Crossbows
 24838 | D:15     | Reached skill level 10 in Stealth
 24838 | D:15     | Reached skill level 10 in Shields
 24838 | D:15     | Reached skill level 10 in Unarmed Combat
 24838 | D:15     | Reached skill level 10 in Evocations
 25050 | D:15     | Noticed Kirke
 25157 | D:15     | Noticed a frost giant
 25166 | D:15     | Killed a frost giant
 25403 | D:15     | Paralysed by a floating eye for 3 turns
 25408 | D:15     | Reached skill level 11 in Invocations
 25530 | D:15     | Noticed Azrael
 25543 | D:15     | Killed Azrael
 25662 | D:15     | Noticed a frost giant
 25673 | D:15     | Killed a frost giant
 25948 | D:15     | Found Yzismes's Food Boutique.
 26082 | D:15     | Killed Kirke
 26082 | D:15     | Reached XP level 16. HP: 98/125 MP: 26/31
 26095 | D:15     | Got a smoking turquoise ring
 26096 | D:15     | Identified the ring "Aviutot" {rF- rN+ Int+3 Dex+6} (You found it on level 15 of the Dungeon)
 26145 | D:15     | Found Xoff's Gadget Shop.
 26233 | D:15     | Got a brightly glowing brass ring
 26234 | D:15     | Identified the ring "Qoudd" {rElec rPois Int-4 Stlth-} (You found it on level 15 of the Dungeon)
 26550 | D:15     | Got a fine ivory ring
 26551 | D:15     | Identified the cursed ring "Ingeqan" {MR+ EV-2} (You found it on level 15 of the Dungeon)
 26569 | D:15     | Found Faor's Assorted Antiques.
 26585 | D:15     | Bought a scroll of identify for 70 gold pieces
 26585 | D:15     | Bought a scroll of identify for 70 gold pieces
 26585 | D:15     | Bought a scroll labeled DUGOIW OCLYFF for 35 gold pieces
 26625 | D:15     | Paralysed by an ogre mage for 6 turns
 26913 | D:15     | Paralysed by an ogre mage for 2 turns
 27286 | Orc:1    | Entered Level 1 of the Orcish Mines
 27290 | Orc:1    | Noticed BrokenGlass's ghost (adept OpEE)
 27420 | Orc:1    | Killed BrokenGlass's ghost
 27497 | Orc:2    | Entered Level 2 of the Orcish Mines
 27498 | Orc:2    | Found a staircase to the Elven Halls.
 27531 | Orc:2    | Noticed Josephine
 27545 | Orc:2    | Killed Josephine
 27711 | Orc:2    | Found Abig's Distillery.
 27811 | Orc:2    | Bought a potion of haste for 120 gold pieces
 27811 | Orc:2    | Bought a potion of haste for 120 gold pieces
 27811 | Orc:2    | Bought a potion of might for 48 gold pieces
 27811 | Orc:2    | Bought a potion of heal wounds for 60 gold pieces
 28007 | Orc:2    | Found Jeq Dipra's Magic Scroll Shop.
 28053 | Orc:2    | Paralysed by an orc sorcerer for 6 turns
 28331 | Orc:2    | Found Nivo's Book Shoppe.
 28342 | Orc:2    | Found Widoycky's Distillery.
 28344 | Orc:2    | Found Ejiqyace's Gadget Shop.
 28391 | Orc:2    | Bought a potion of might for 68 gold pieces
 28391 | Orc:2    | Bought 2 potions of haste for 340 gold pieces
 28564 | Orc:2    | Found a roughly hewn altar of Beogh.
 28702 | Orc:1    | Found a roughly hewn altar of Beogh.
 28979 | Spider:1 | Entered Level 1 of the Spider Nest
 30097 | Spider:1 | Found the +8 orange crystal plate armour {Archmagi, Int+3 Clar}
 31120 | Spider:1 | Reached XP level 17. HP: 133/133 MP: 31/33
 31172 | Spider:2 | Noticed Roxanne
 31247 | Spider:2 | Killed Roxanne
 31247 | Spider:2 | Reached skill level 12 in Invocations
 31249 | Spider:2 | Identified Roxanne's Grimoire of the Scarab (You took it off Roxanne on level 2 of the Spider Nest)
 31407 | Spider:2 | Noticed Arachne
 31429 | Spider:2 | Killed Arachne
 33028 | Spider:4 | Entered Level 4 of the Spider Nest
 34357 | Spider:4 | Reached skill level 10 in Conjurations
 34357 | Spider:4 | Reached skill level 10 in Hexes
 34357 | Spider:4 | Reached skill level 10 in Charms
 34357 | Spider:4 | Reached skill level 10 in Summonings
 34357 | Spider:4 | Reached skill level 10 in Necromancy
 34357 | Spider:4 | Reached skill level 10 in Transmutations
 34357 | Spider:4 | Reached skill level 10 in Fire Magic
 34357 | Spider:4 | Reached skill level 10 in Ice Magic
 34357 | Spider:4 | Reached skill level 10 in Air Magic
 34357 | Spider:4 | Reached skill level 10 in Earth Magic
 34357 | Spider:4 | Reached skill level 10 in Poison Magic
 34615 | Spider:4 | Reached XP level 18. HP: 127/141 MP: 30/34
 35247 | Spider:4 | Got a gossamer rune of Zot
 35679 | Swamp:1  | Entered Level 1 of the Swamp
 35956 | Swamp:1  | Found a transporter.
 36055 | Swamp:1  | Found a transporter.
 36065 | Swamp:1  | Got a fine golden ring
 36080 | Swamp:1  | Got a flickering platinum ring
 36086 | Swamp:1  | Identified the ring "Vaskeomy" {rF+ rN+ Int+7 Slay-4} (You found it on level 1 of the Swamp)
 36087 | Swamp:1  | Identified the ring "Motzop" {rC++ rN+} (You found it on level 1 of the Swamp)
 36125 | Swamp:1  | Noticed Louise
 36137 | Swamp:1  | Cast into level 2 of the Abyss (Louise)
 36388 | Abyss:3  | Gained mutation: You are weak. (Str -2) [a neqoxec]
 36389 | Abyss:3  | Gained mutation: [Your magical capacity is low. (-10% MP)] [a neqoxec]
 36446 | Abyss:3  | Reached skill level 13 in Invocations
 36611 | Abyss:3  | Paralysed by accursed screaming for 1 turns
 36700 | Swamp:1  | Escaped the Abyss
 36727 | Swamp:1  | Killed Louise
 37942 | Swamp:2  | Noticed Aizul
 37969 | Swamp:2  | Killed Aizul
 38932 | Swamp:3  | Noticed Nikola
 39407 | Swamp:3  | Killed Nikola
 39655 | Swamp:3  | Noticed Mara
 39662 | Swamp:3  | Noticed Rrauwl's illusion
 39934 | Swamp:3  | Noticed Rrauwl's illusion
 40552 | Swamp:3  | Noticed Rrauwl's illusion
 40646 | Swamp:4  | Entered Level 4 of the Swamp
 40669 | Swamp:4  | Reached XP level 19. HP: 149/149 MP: 32/32
 41257 | Swamp:4  | Noticed Donald
 41282 | Swamp:4  | Killed Donald
 42300 | Swamp:4  | Got a decaying rune of Zot
 42826 | Depths:1 | Entered Level 1 of the Depths
 42826 | Depths:1 | Noticed the Enchantress
 43049 | D:15     | Killed the Enchantress
 43532 | Depths:1 | Noticed a lich
 43536 | Depths:1 | Cast into level 4 of the Abyss (a lich)
 43552 | Depths:1 | Escaped the Abyss
 43569 | Depths:1 | Killed a lich
 43676 | Depths:1 | Found a transporter.
 43914 | Depths:1 | Found a transporter.
 43991 | Depths:1 | Paralysed by a great orb of eyes for 7 turns
 44505 | Depths:1 | Paralysed by a great orb of eyes for 3 turns
 44929 | Depths:1 | Found a gateway to Hell.
 45219 | Depths:1 | Reached XP level 20. HP: 129/157 MP: 22/33
 45238 | Depths:1 | Reached skill level 14 in Invocations
 45288 | Depths:1 | Got a vibrating steel ring
 45294 | Depths:1 | Got a wavering emerald amulet
 45324 | Depths:1 | Identified the ring of Xaoclapi {rF+ Dex+7} (You found it on level 1 of the Depths)
 45325 | Depths:1 | Identified the amulet "Pemeppej" {+Rage rF+ MP+9 Int-5} (You found it on level 1 of the Depths)
 45501 | Depths:2 | Found Aratier's Magic Scroll Shoppe.
 45501 | Depths:2 | Found Ixoig's Gadget Emporium.
 45502 | Depths:2 | Noticed Saint Roka
 45908 | Depths:2 | Found Fanoqe's Jewellery Shoppe.
 45914 | Depths:2 | Found a large runed door.
 45915 | Depths:2 | Found a large runed door.
 45918 | Depths:2 | Bought a cursed -2 ring of strength for 32 gold pieces
 46022 | Depths:2 | Bought a scroll of teleportation for 69 gold pieces
 46022 | Depths:2 | Bought a scroll of enchant weapon for 172 gold pieces
 46355 | Depths:2 | Found Ronnojyarr's Assorted Antiques.
 46363 | Depths:2 | Bought a potion of heal wounds for 140 gold pieces
 46363 | Depths:2 | Bought a scroll of fog for 56 gold pieces
 46775 | Depths:2 | Found Ynozof's Antique Weapon Boutique.
 46781 | Depths:2 | Bought a runed scythe for 174 gold pieces
 46919 | Depths:2 | Noticed a bone dragon
 46956 | Depths:2 | Killed a bone dragon
 47080 | Depths:2 | Lost mutation: [Your magical capacity is low. (-10% MP)] [potion of mutation]
 47080 | Depths:2 | Lost mutation: You possess an exceptional clarity of mind. [potion of mutation]
 47080 | Depths:2 | Lost mutation: You are weak. (Str -2) [potion of mutation]
 47080 | Depths:2 | Gained mutation: You can translocate small distances at will. [potion of mutation]
 47080 | Depths:2 | Gained mutation: You are resistant to hostile enchantments. (MR+) [potion of mutation]
 47738 | Depths:2 | Killed Saint Roka
 48025 | Vaults:1 | Entered Level 1 of the Vaults
 48182 | Vaults:1 | Found a flickering gateway to a bazaar.
 48191 | Bazaar   | Entered a bazaar
 48191 | Bazaar   | Found Perchec's Antique Weapon Boutique.
 48191 | Bazaar   | Found Laamm's Assorted Antiques.
 48206 | Bazaar   | Bought a metallic ruby potion for 21 gold pieces
 48215 | Bazaar   | Found Ymocu's Weapon Boutique.
 48264 | Bazaar   | Found Umilof's Jewellery Shop.
 48272 | Bazaar   | Bought a cursed -3 ring of dexterity for 26 gold pieces
 48272 | Bazaar   | Bought the amulet of the Four Winds {rN+ MR+++ Clar} for 570 gold pieces
 48272 | Bazaar   | Found the amulet of the Four Winds {rN+ MR+++ Clar}
 48306 | Bazaar   | Bought a potion of haste for 240 gold pieces
 48728 | Vaults:1 | Reached XP level 21. HP: 165/165 MP: 39/39
 49628 | Vaults:2 | Paralysed by a sphinx for 5 turns
 49630 | Vaults:2 | Noticed Margery
 49644 | Vaults:1 | Killed Margery
 49969 | Vaults:2 | Found Immit's Gadget Shop.
 50128 | Vaults:2 | Identified Sif Muna's Volume of the Entourage
 50132 | Vaults:2 | Learned a level 1 spell: Summon Butterflies
 50577 | Vaults:2 | Reached skill level 15 in Invocations
 50921 | Vaults:2 | Identified the Guide on Transformation
 51021 | Vaults:2 | Identified the Incunabulum of Snow
 51378 | Lair:1   | Learned a level 3 spell: Recall
 51382 | Lair:1   | Learned a level 3 spell: Inner Flame
 52610 | Vaults:2 | Reached XP level 22. HP: 150/173 MP: 34/40
 52665 | Vaults:2 | Noticed Xtahua
 52698 | Vaults:2 | Killed Xtahua
 52915 | Vaults:2 | Identified the Tome of Flight
 53085 | Vaults:3 | Found Zoitz's Jewellery Shop.
 53125 | Vaults:3 | Bought the ring "Queg" {+Fly rElec rC+ Str+3} for 698 gold pieces
 53280 | Vaults:3 | Found a staircase to the Crypt.
 53485 | Vaults:3 | Reached skill level 15 in Spellcasting
 53711 | Vaults:3 | Found Fehy's Assorted Antiques.
 53719 | Vaults:3 | Bought a pair of embroidered boots for 307 gold pieces
 53732 | Vaults:3 | Bought a pair of runed boots for 307 gold pieces
 53777 | Vaults:3 | Found Symoople's Jewellery Boutique.
 54013 | Vaults:3 | Found Tugguf's Antique Armour Shoppe.
 54035 | Vaults:3 | Reached skill level 15 in Fighting
 54035 | Vaults:3 | Reached skill level 15 in Polearms
 54035 | Vaults:3 | Reached skill level 15 in Dodging
 55277 | Vaults:4 | Noticed Boris
 55290 | Vaults:4 | Killed Boris
 55299 | Vaults:4 | Paralysed by a great orb of eyes for 5 turns
 55406 | Vaults:4 | Found Kiojysuf's Book Emporium.
 55471 | Vaults:4 | Reached XP level 23. HP: 181/181 MP: 42/42
 55988 | Vaults:4 | Reached skill level 15 in Throwing
 55988 | Vaults:4 | Reached skill level 15 in Armour
 56083 | Vaults:4 | Found Arhoomm's Weapon Emporium.
 56228 | Vaults:4 | Reached skill level 16 in Invocations
 56587 | Vaults:5 | Entered Level 5 of the Vaults
 56637 | Vaults:5 | Cast into level 2 of the Abyss (a deep elf sorcerer)
 56979 | Abyss:3  | Reached skill level 15 in Short Blades
 56979 | Abyss:3  | Reached skill level 15 in Long Blades
 56979 | Abyss:3  | Reached skill level 15 in Axes
 56979 | Abyss:3  | Reached skill level 15 in Maces & Flails
 56979 | Abyss:3  | Reached skill level 15 in Staves
 56979 | Abyss:3  | Reached skill level 15 in Slings
 56979 | Abyss:3  | Reached skill level 15 in Bows
 56979 | Abyss:3  | Reached skill level 15 in Crossbows
 56979 | Abyss:3  | Reached skill level 15 in Stealth
 56979 | Abyss:3  | Reached skill level 15 in Shields
 56979 | Abyss:3  | Reached skill level 15 in Unarmed Combat
 56979 | Abyss:3  | Reached skill level 15 in Evocations
 57018 | Abyss:3  | Got a clouded pewter ring
 57019 | Abyss:3  | Identified the ring of the Cast Vote {+Fly Slay+3} (You found it on level 3 of the Abyss)
 57207 | Abyss:3  | Gained mutation: Potions are less effective at restoring your health. [a neqoxec]
 57306 | Abyss:3  | Gained mutation: You do not regenerate when monsters are visible. [a neqoxec]
 57322 | Abyss:3  | Paralysed by accursed screaming for 1 turns
 57345 | Abyss:3  | Paralysed by accursed screaming for 2 turns
 57372 | Abyss:3  | Paralysed by accursed screaming for 1 turns
 57737 | Abyss:3  | Paralysed by accursed screaming for 1 turns
 57771 | Abyss:4  | Found a corrupted altar of Lugonu.
 57782 | Abyss:4  | Found an ancient bone altar of Kikubaaqudgha.
 57955 | Abyss:4  | Paralysed by you for 7 turns
 58145 | Abyss:4  | Lost mutation: You can translocate small distances at will. [potion of mutation]
 58145 | Abyss:4  | Lost mutation: You are resistant to hostile enchantments. (MR+) [potion of mutation]
 58145 | Abyss:4  | Lost mutation: You do not regenerate when monsters are visible. [potion of mutation]
 58145 | Abyss:4  | Gained mutation: Your mind is acute. (Int +2) [potion of mutation]
 58145 | Abyss:4  | Gained mutation: You are partially covered in large bone plates. (SH +4) [potion of mutation]
 58199 | Abyss:4  | Reached XP level 24. HP: 163/190 MP: 38/42
 58451 | Abyss:4  | Killed from afar by a crystal guardian

Skill      XL: |  1  2  3  4  5  6  7  8  9 10 11 12 13 14 15 16 17 18 19 20 21 22 23 |
---------------+----------------------------------------------------------------------+-----
Spellcasting   | 5 6 7 8 9 10 11 12 13 14 15 | 15.9
Invocations    | 1 2 3 4 5 6 7 8 9 10 11 12 13 14 15 16 | 16.5
Short Blades   | 1 2 3 4 5 6 7 8 9 10 11 12 13 14 15 | 15.3
Long Blades    | 1 2 3 4 5 6 7 8 9 10 11 12 13 14 15 | 15.3
Axes           | 1 2 3 4 5 6 7 8 9 10 11 12 13 14 15 | 15.3
Maces & Flails | 1 2 3 4 5 6 7 8 9 10 11 12 13 14 15 | 15.3
Staves         | 1 2 3 4 5 6 7 8 9 10 11 12 13 14 15 | 15.3
Slings         | 1 2 3 4 5 6 7 8 9 10 11 12 13 14 15 | 15.3
Bows           | 1 2 3 4 5 6 7 8 9 10 11 12 13 14 15 | 15.3
Crossbows      | 1 2 3 4 5 6 7 8 9 10 11 12 13 14 15 | 15.3
Stealth        | 1 2 3 4 5 6 7 8 9 10 11 12 13 14 15 | 15.3
Shields        | 1 2 3 4 5 6 7 8 9 10 11 12 13 14 15 | 15.3
Unarmed Combat | 1 2 3 4 5 6 7 8 9 10 11 12 13 14 15 | 15.3
Evocations     | 1 2 3 4 5 6 7 8 9 10 11 12 13 14 15 | 15.3
Conjurations   | 1 2 3 4 5 6 7 8 9 10 11 12 13 | 13.2
Hexes          | 1 2 3 4 5 6 7 8 9 10 11 12 13 | 13.2
Charms         | 1 2 3 4 5 6 7 8 9 10 11 12 13 | 13.2
Summonings     | 1 2 3 4 5 6 7 8 9 10 11 12 13 | 13.2
Necromancy     | 1 2 3 4 5 6 7 8 9 10 11 12 13 | 13.2
Transmutations | 1 2 3 4 5 6 7 8 9 10 11 12 13 | 13.2
Fire Magic     | 1 2 3 4 5 6 7 8 9 10 11 12 13 | 13.2
Ice Magic      | 1 2 3 4 5 6 7 8 9 10 11 12 13 | 13.2
Air Magic      | 1 2 3 4 5 6 7 8 9 10 11 12 13 | 13.2
Earth Magic    | 1 2 3 4 5 6 7 8 9 10 11 12 13 | 13.2
Poison Magic   | 1 2 3 4 5 6 7 8 9 10 11 12 13 | 13.2
Throwing       | 3 4 5 6 7 8 9 10 11 12 13 14 15 | 15.5
Armour         | 3 4 5 6 7 8 9 10 11 12 13 14 15 | 15.5
Fighting       | 5 6 7 8 9 10 11 12 13 14 15 | 15.8
Polearms       | 5 6 7 8 9 10 11 12 13 14 15 | 15.8
Dodging        | 5 6 7 8 9 10 11 12 13 14 15 | 15.8
Translocations | 6 7 8 9 10 11 12 13 14 | 14.1

Action                   |  1- 3 |  4- 6 |  7- 9 | 10-12 | 13-15 | 16-18 | 19-21 | 22-24 || total
-------------------------+-------+-------+-------+-------+-------+-------+-------+-------++-------
Melee: Spear             |   157 |   349 |   826 |       |       |       |       |       ||  1332
       Bite              |    17 |    34 |   102 |    66 |   188 |   326 |   391 |   315 ||  1439
       Punch             |       |     1 |     3 |       |       |       |       |       ||     4
       War axe           |       |       |   160 |       |       |       |       |       ||   160
       Unarmed           |       |       |    11 |       |       |       |       |       ||    11
       Trident           |       |       |    56 |   493 |  1538 |  2430 |  2398 |  1946 ||  8861
Throw: Tomahawk          |       |       |     5 |    14 |    19 |     4 |       |       ||    42
 Cast: Blink             |       |       |     8 |       |       |       |       |       ||     8
       Mephitic Cloud    |       |       |       |     1 |       |       |       |       ||     1
Invok: Divine Shield     |       |       |       |     1 |     4 |     1 |     5 |     3 ||    14
       Summon Divine War |       |       |       |       |       |     1 |     6 |    11 ||    18
 Abil: Evoke Berserk Rag |       |       |       |     1 |     2 |       |       |       ||     3
Evoke: Wand              |       |       |     1 |     9 |     5 |     3 |     4 |     2 ||    24
       Sack of spiders   |       |       |       |       |       |     1 |     1 |       ||     2
       Lamp of fire      |       |       |       |       |       |       |     1 |       ||     1
       Lightning rod     |       |       |       |       |       |       |       |     4 ||     4
  Use: Potion            |     3 |     7 |     9 |     2 |     5 |     8 |    15 |    14 ||    63
       Scroll            |     4 |     2 |    10 |     3 |    10 |    15 |    13 |     5 ||    62
 Stab: Sleeping          |     1 |     1 |     3 |       |       |       |       |       ||     5
  Eat: Chunk             |     2 |     7 |    18 |    12 |    18 |    25 |    16 |    13 ||   111
       Ration            |       |       |     1 |     3 |     6 |     7 |     9 |     3 ||    29
Armor: Leather armour    |    25 |       |       |       |       |       |       |       ||    25
       Ring mail         |       |   103 |   348 |    73 |    47 |       |       |       ||   571
       Steam dragon scal |       |       |       |       |   151 |    76 |       |       ||   227
       Crystal plate arm |       |       |       |       |       |   710 |   709 |   360 ||  1779
Dodge: Dodged            |   114 |   176 |   427 |   180 |   825 |  1008 |   608 |   327 ||  3665
Block: Shield            |       |       |   325 |   183 |   744 |   989 |       |       ||  2241
       Large shield      |       |       |       |       |       |   263 |  2172 |  1414 ||  3849
       Reflection        |       |       |       |       |       |       |   144 |   115 ||   259
